 Dungeon Crawl Stone Soup version 0.26-a0-455-g0958c023ba (webtiles) character file.

Game seed: 17175011610511345348

99129 Lugonue the Eclecticist (level 15, 0/84 HPs)
             Began as a Deep Elf Fire Elementalist on July 27, 2020.
             Was a High Priest of Ashenzari.
             Slain by a swamp dragon (2 damage)
             ... on level 1 of the Swamp on July 28, 2020.
             The game lasted 02:01:25 (34597 turns).

Lugonue the Eclecticist (DEFE)                     Turns: 34597, Time: 02:01:26

Health: 0/84       AC: 15    Str:  5    XL:     15   Next: 76%
Magic:  0/37       EV: 21    Int: 30    God:    Ashenzari [*****.]
Gold:   1374       SH:  0    Dex: 15    Spells: 18/47 levels left

rFire    + + .     SeeInvis +   a - +3 shortbow (flame)
rCold    . . .     Faith    .   (shield currently unavailable)
rNeg     . . .     Spirit   +   X - +2 leather armour of the Hurricane {rElec MR+ Regen+}
rPois    +         Reflect  .   W - +1 helmet {Int+3}
rElec    +         Harm     +   y - scarf {harm}
rCorr    .         Clarity  +   A - +3 pair of gauntlets of War {Slay+5} (curse)
MR       ++...                  (no boots)
Stlth    +++.......             V - amulet "Aneod" {Spirit rPois rF+}
HPRegen  0.64/turn              v - ring of protection from fire (curse)
MPRegen  0.25/turn              m - +4 ring of protection

@: no status effects
A: no striking features
a: Curse Item, Scrying, Transfer Knowledge, Renounce Religion


You were on level 1 of the Swamp.
You worshipped Ashenzari.
Ashenzari was extremely pleased with you.
You visited 5 branches of the dungeon, and saw 25 of its levels.
You also visited: Gauntlet.

You collected 3188 gold pieces.
You spent 1814 gold pieces at shops.

Inventory:

Hand Weapons
 a - a +3 shortbow of flaming (weapon)
 t - a +0 longbow of freezing
 P - a +2 shortbow of freezing
Missiles
 u - 436 arrows (quivered)
Armour
 y - a scarf of harm (worn)
 A - the cursed +3 pair of gauntlets of War (worn) {Slay+5}
   (You acquired it on level 4 of the Lair of Beasts)

   It affects your accuracy and damage with ranged weapons and melee attacks
   (+5).
   It has a curse placed upon it.
 W - a +1 helmet of intelligence (worn)
 X - the +2 leather armour of the Hurricane (worn) {rElec MR+ Regen+}
   (You found it on level 14 of the Dungeon)

   It insulates you from electricity.
   It affects your resistance to hostile enchantments.
   It increases your rate of regeneration.
Magical Staves
 b - an uncursed staff of energy
 q - an uncursed staff of summoning
 Q - an uncursed staff of wizardry
Jewellery
 h - an uncursed ring of poison resistance
 m - a +4 ring of protection (right hand)
 v - a cursed ring of protection from fire (left hand)
 V - the amulet "Aneod" (around neck) {Spirit rPois rF+}
   (You bought it in a shop on level 2 of the Orcish Mines)

   [amulet of guardian spirit]

   It causes incoming damage to be split between your health and magic.
   It protects you from fire.
   It protects you from poison.
Wands
 e - a wand of acid (2)
 f - a wand of paralysis (23)
 B - a wand of enslavement (29)
 E - a wand of clouds (3)
 J - a wand of iceblast (22)
 L - a wand of random effects (28)
Scrolls
 r - 8 scrolls of remove curse
 s - a scroll of magic mapping
 x - a scroll of enchant armour
 C - a scroll of vulnerability
 F - 4 scrolls of blinking
 N - 4 scrolls of teleportation
 O - a scroll of holy word
 U - 2 scrolls of amnesia
 Y - 2 scrolls of enchant weapon
 Z - a scroll of identify
Potions
 d - 6 potions of curing
 g - 6 potions of brilliance
 i - a potion of stabbing
 j - a potion of berserk rage
 k - 3 potions of ambrosia
 l - a potion of lignification
 n - 4 potions of might
 o - 4 potions of flight
 p - 2 potions of haste
 D - 3 potions of mutation
 H - a potion of magic
 R - 2 potions of resistance
Comestibles
 c - 66 removed foods


   Skills:
 + Level 5.7 Fighting
 + Level 14.9 Bows
 * Level 4.1 Armour
 * Level 14.8 Dodging
 + Level 4.9 Stealth
 + Level 16.6 Spellcasting
 + Level 9.8 Conjurations
 + Level 9.8 Hexes
 + Level 12.8 Fire Magic
 + Level 0.7 Air Magic
 + Level 1.3 Poison Magic
 + Level 0.7 Evocations


You had 18 spell levels left.
You knew the following spells:

 Your Spells              Type           Power        Failure   Level
a - Foxfire               Conj/Fire      ####         1%          1
b - Conjure Flame         Conj/Fire      #######.     1%          3
c - Inner Flame           Hex/Fire       #######.     1%          3
d - Sticky Flame          Conj/Fire      #######.     1%          4
e - Fireball              Conj/Fire      #######...   1%          5
f - Mephitic Cloud        Conj/Pois/Air  #####...     1%          3
g - Invisibility          Hex            ######..     8%          6
h - Petrify               Tmut/Erth      ###.....     28%         4

Your spell library contained the following spells:

 Spells                   Type           Power        Failure   Level
 Corona                   Hex            ######.      1%          1
 Magic Dart               Conj           ####         1%          1
 Searing Ray              Conj           ######       1%          2
 Slow                     Hex            ######..     1%          2
 Confusing Touch          Hex            ######..     1%          3
 Dazzling Flash           Conj/Hex       ######       1%          3
 Ignite Poison            Fire/Tmut/Pois ######..     1%          3
 Portal Projectile        Hex/Tloc       ######       1%          3
 Static Discharge         Conj/Air       ######..     1%          3
 Stone Arrow              Conj/Erth      ######       1%          3
 Cause Fear               Hex            ######....   1%          4
 Fulminant Prism          Conj/Hex       ######....   1%          4
 Beastly Appendage        Tmut           ###...       2%          1
 Sandblast                Erth           ###...       2%          1
 Poisonous Vapours        Pois/Air       ####..       2%          2
 Corpse Rot               Necr/Air       N/A          3%          2
 Iskenderun's Mystic Bla  Conj/Tloc      ######..     3%          4
 Leda's Liquefaction      Hex/Erth       ######....   3%          4
 Wereblood                Tmut           ###.....     4%          2
 Spider Form              Tmut/Pois      ####......   6%          3
 Gell's Gravitas          Tloc           ###.......   9%          3
 Ozocubu's Armour         Ice            ###.....     9%          3
 Lightning Bolt           Conj/Air       ######....   9%          5
 Irradiate                Conj/Tmut      ######....   11%         5
 Metabolic Englaciation   Hex/Ice        ######....   11%         5
 Yara's Violent Unravell  Hex/Tmut       ######....   11%         5
 Ice Form                 Ice/Tmut       ###.....     28%         4
 Alistair's Intoxication  Tmut/Pois      ####.....    50%         5
 Blade Hands              Tmut           ###.......   61%         5
 Lee's Rapid Deconstruct  Erth           ###.......   61%         5
 Summon Forest            Summ/Tloc      ###.......   61%         5
 Freezing Cloud           Conj/Ice/Air   #####.....   69%         6
 Eringya's Noxious Bog    Tmut/Pois      ####......   97%         6
 Dispersal                Tloc           ###.......   99%         6
 Hydra Form               Tmut           ###.......   99%         6
 Ring of                  Flames         N/A          100%        7
 Shroud of                Golubria       N/A          100%        7
 Summon Hydra             Summ           ###.......   100%        7
 Disjunction              Tloc           ###.......   100%        8


Dungeon Overview and Level Annotations

Branches:
Dungeon (15/15)            Temple (1/1) D:7            Lair (6/6) D:9
  Swamp (1/4) Lair:3       Spider (0/4) Lair:3        Slime (0/5) Lair:6
    Orc (2/2) D:12            Elf (0/3) Orc:2        Vaults (0/5) D:14
 Depths (0/5) D:15        Gauntlet (visited)

Altars:
Ashenzari
Dithmenos
Elyvilon
Fedhas
Gozag
Hepliaklqana
Kikubaaqudgha
Makhleb
Qazlal
Ru
Sif Muna
Trog
Uskayaw
Vehumet
Xom
Yredelemnul
Zin
The Shining One
Beogh
Jiyva

Shops:
D:9 !   D:13 [   Orc:2 ?}}*=

Annotations:
D:11 1 runed translucent door, slayr's ghost, journeyman NaBe


Message History

Press: ? - help, Shift-Dir - straight line, f - swamp worm, p - swamp dragon
Aim: a swamp worm That beam is likely to hit you.
Continue anyway?
Okay, then.
Unknown command.
Unknown command.
Casting: Fireball (dangerous; 1% risk of failure)
Confirm with . or Enter, or press ? or * to list all spells.
Aiming: Sticky Flame (safe; 1% risk of failure)
Press: ? - help, Shift-Dir - straight line, f/p - swamp worm
Aim: a swamp worm The sticky flame hits the swamp worm!
The swamp worm is moderately wounded.
The swamp worm is covered in liquid flames!
The swamp dragon burns!
The swamp worm burns!
The swamp worm bites you!!
* * * LOW HITPOINT WARNING * * *
The swamp dragon bites you!
* * * LOW HITPOINT WARNING * * *
The swamp dragon claws you.
You die...

≈..♣♣ ** ,, ≈ ≈, , **, * ....♣
..≈≈≈≈...≈* ** ♣♣.♣ .≈≈≈♣ **≈
.≈≈≈≈≈≈.♣♣ ♣≈.. .≈≈.♣♣♣♣ ≈
..≈≈≈≈≈.≈♣ ♣♣♣.≈. ≈...♣≈≈♣♣♣ **
.≈≈≈≈≈≈≈♣♣ ♣♣...≈≈ ≈≈^>♣♣.≈≈♣♣
♣♣♣..≈≈≈..≈♣ ♣♣......
≈≈≈≈♣♣.≈.≈♣♣♣§§§.≈≈....♣♣♣....≈≈.
≈≈≈≈≈≈...≈.≈≈.°§Dw......♣.≈...≈≈.
≈≈...≈♣..≈≈≈≈§§.@...≈≈.≈≈≈≈......
..........≈≈≈≈≈≈♣≈≈.≈≈≈≈≈≈..≈....
≈..≈...≈≈≈≈.≈≈.≈♣≈≈≈≈≈≈....≈≈.♣♣.
...≈≈.≈≈≈≈.....§≈.≈≈≈≈..≈.≈..≈♣♣.
..♣....≈≈≈.♣♣♣♣♣♣.≈≈≈....≈≈♣♣♣♣♣♣
≈..♣≈...≈.≈♣♣ ♣.≈≈≈...♣≈.≈♣♣♣≈.
≈..≈♣♣......♣ ♣.≈≈≈..♣♣♣♣♣♣♣≈.♣
≈..♣♣♣≈.≈≈≈.♣♣ ♣♣...≈........>♣♣
..≈♣.≈.≈...≈≈♣ ♣♣.....≈≈≈≈.....


You could see a swamp dragon (burning) and a swamp worm (burning).

Vanquished Creatures
  A thorn hunter (Swamp:1)
  A deep elf sorcerer (D:13)
  Louise (Swamp:1)
  A dire elephant (Lair:6)
  A minotaur (Gauntlet)
  A fire dragon (D:14)
  Josephine (Lair:4)
  An ogre mage (D:12)
  8 vault guards (D:14)
  Fannar (D:11)
  4 hydras
  Erica (D:8)
  2 ice dragons (D:15)
  3 centaur warriors
  A catoblepas (Lair:6)
  7 two-headed ogres
  A deep troll shaman (Lair:6)
  4 death yaks (Lair:6)
  2 tengu warriors
  3 vampire magi (D:13)
  Sonja (Orc:2)
  A fire crab (D:14)
  2 wizards (D:14)
  4 orc knights (Orc:2)
  A lindwurm (Lair:5)
  8 deep elf magi (D:13)
  4 orc sorcerers
  8 ugly things
  2 manticores (D:14)
  2 cyclopes
  12 elephants
  3 naga magi (D:13)
  Joseph (D:7)
  2 black mambas
  Maurice (D:11)
  A gargoyle (D:11)
  12 cane toads
  2 rime drakes
  A freezing wraith (D:15)
  2 efreet (D:15)
  5 yaktaurs
  7 komodo dragons
  A tengu conjurer (D:14)
  8 trolls
  2 polar bears
  A queen bee (D:8)
  A tyrant leech (Swamp:1)
  2 hornets
  A wolf spider simulacrum (D:13)
  9 hippogriffs
  4 bog bodies
  7 slime creatures
  11 blink frogs
  A meliai zombie (D:11)
  A centaur simulacrum (D:13)
  7 shadows
  8 wraiths
  40 yaks
  2 vampires (D:14)
  4 basilisks
  2 wyverns (D:14)
  A fire bat (Gauntlet)
  3 vampire mosquitoes
  A steam dragon (D:13)
  6 swamp worms
  Edmund (D:4)
  2 acid dragons
  A floating eye (D:13)
  A hell hound (Gauntlet)
  12 water moccasins
  23 orc warriors
  9 porcupines
  4 swamp drakes (Swamp:1)
  4 sky beasts
  A black bear (Lair:6)
  8 ice beasts
  8 ogres
  2 phantoms
  15 centaurs
  2 eyes of draining
  3 necrophages
  17 wolves
  2 big kobolds
  10 crocodiles
  16 bullfrogs
  A gnoll sergeant (D:10)
  4 scorpions
  A wyvern skeleton (D:14)
  18 killer bees
  8 wights
  2 electric eels
  7 howler monkeys
  2 bullfrog zombies
  3 centaur zombies
  2 quasits
  12 hounds
  5 orc priests
  3 bullfrog skeletons
  10 centaur skeletons
  A jelly (D:5)
  27 orc wizards
  15 worker ants
  A hound zombie (D:3)
  20 gnolls
  16 adders
  2 river rats (D:6)
  A shadow imp (D:5)
  4 white imps
  6 ufetubi
  2 oozes
  An adder skeleton (D:5)
  4 worms
  6 leopard geckos
  55 orcs
  3 ball pythons
  3 bats
  6 giant cockroaches
  10 goblins
  14 hobgoblins
  9 jackals
  2 quokkas
  5 frilled lizards
  16 kobolds
  A leopard gecko skeleton (D:9)
  A quokka skeleton (D:7)
  2 quokka zombies
  13 rats
  A bush (Lair:6)
  6 fungi
  11 plants
733 creatures vanquished.

Vanquished Creatures (collateral kills)
  3 elephants (Lair:3)
  A hippogriff (Lair:3)
  An ogre (D:9)
  A plant (D:14)
6 creatures vanquished.

Vanquished Creatures (others)
  2 bushes
  1183 foxfires
  8 fungi
  16 plants
1209 creatures vanquished.

Grand Total: 1948 creatures vanquished

Notes
Turn   | Place    | Note
-------+----------+-------------------------------------------
     0 | D:1      | Lugonue the Deep Elf Fire Elementalist began the quest for
                  | the Orb.
     0 | D:1      | Reached XP level 1. HP: 10/10 MP: 6/6
   133 | D:1      | Reached XP level 2. HP: 15/15 MP: 0/8
  1122 | D:2      | Reached XP level 3. HP: 19/19 MP: 5/9
  1196 | D:2      | Found a faded altar of an unknown god.
  1221 | D:2      | Learned a level 3 spell: Conjure Flame
  1521 | D:2      | Reached XP level 4. HP: 24/24 MP: 2/11
  1538 | D:2      | Reached skill level 4 in Spellcasting
  2104 | D:2      | Found a shadowy altar of Dithmenos.
  2446 | D:3      | Learned a level 3 spell: Inner Flame
  2589 | D:3      | Reached XP level 5. HP: 28/28 MP: 4/13
  2922 | D:3      | Reached skill level 5 in Spellcasting
  3613 | D:3      | Learned a level 4 spell: Sticky Flame
  4119 | D:4      | Reached XP level 6. HP: 29/32 MP: 9/16
  4214 | D:4      | Reached skill level 5 in Fire Magic
  4291 | D:4      | Reached skill level 6 in Spellcasting
  4756 | D:4      | Reached XP level 7. HP: 36/36 MP: 13/19
  4792 | D:4      | Noticed Edmund
  4810 | D:4      | Killed Edmund
  5067 | D:5      | Entered Level 5 of the Dungeon
  5090 | D:5      | Reached skill level 7 in Spellcasting
  5482 | D:5      | Reached skill level 5 in Dodging
  5611 | D:5      | Reached skill level 1 in Bows
  5816 | D:5      | Reached XP level 8. HP: 42/42 MP: 8/21
  5881 | D:5      | Reached skill level 1 in Hexes
  6506 | D:6      | Found a sacrificial altar of Ru.
  6506 | D:6      | Found an ancient bone altar of Kikubaaqudgha.
  6568 | D:7      | Noticed a hippogriff
  6576 | D:7      | Killed a hippogriff
  6580 | D:7      | Noticed Joseph
  6587 | D:7      | Reached skill level 1 in Fighting
  6593 | D:7      | Killed Joseph
  6593 | D:7      | Reached skill level 8 in Spellcasting
  6898 | D:7      | Reached skill level 5 in Conjurations
  6900 | D:7      | Reached XP level 9. HP: 41/47 MP: 13/23
  7329 | D:7      | Found a staircase to the Ecumenical Temple.
  7407 | Temple   | Entered the Ecumenical Temple
  7551 | Temple   | Became a worshipper of Ashenzari the Shackled
  7873 | D:6      | Found a glowing golden altar of the Shining One.
  8404 | D:6      | Reached skill level 9 in Spellcasting
  9843 | D:8      | Noticed a queen bee
  9860 | D:8      | Killed a queen bee
  9860 | D:8      | Reached skill level 10 in Spellcasting
 10201 | D:8      | Noticed Erica
 10233 | D:8      | Killed Erica
 10233 | D:8      | Reached skill level 5 in Bows
 10233 | D:8      | Reached XP level 10. HP: 17/52 MP: 10/26
 11073 | D:9      | Noticed a two-headed ogre
 11078 | D:9      | Killed a two-headed ogre
 11148 | D:9      | Noticed a two-headed ogre
 11154 | D:9      | Killed a two-headed ogre
 11276 | D:9      | Found Efugiut's Distillery.
 11285 | D:9      | Reached skill level 11 in Spellcasting
 11314 | D:9      | Bought a potion of heal wounds for 75 gold pieces
 11314 | D:9      | Bought a potion of heal wounds for 75 gold pieces
 11838 | D:9      | Found a staircase to the Lair.
 11845 | D:9      | Learned a level 5 spell: Fireball
 11864 | D:9      | Reached XP level 11. HP: 57/57 MP: 24/28
 11995 | D:9      | Reached * piety under Ashenzari
 12200 | Lair:1   | Entered Level 1 of the Lair of Beasts
 12795 | Lair:1   | Reached skill level 10 in Dodging
 12987 | Lair:1   | Reached skill level 12 in Spellcasting
 13970 | Lair:2   | Noticed an eight-headed hydra
 13976 | Lair:2   | Killed an eight-headed hydra
 14562 | Lair:2   | Reached skill level 10 in Fire Magic
 14666 | Lair:2   | Reached ** piety under Ashenzari
 15010 | Lair:3   | Reached XP level 12. HP: 49/64 MP: 17/30
 15209 | Lair:3   | Reached skill level 13 in Spellcasting
 15426 | Lair:3   | Found a hole to the Spider Nest.
 16027 | Lair:3   | Found a shadowy altar of Dithmenos.
 16910 | Lair:3   | Found a staircase to the Swamp.
 17131 | Lair:4   | Reached skill level 5 in Hexes
 17138 | Lair:4   | Noticed a seven-headed hydra
 17347 | Lair:4   | Noticed a four-headed hydra
 17366 | Lair:4   | Identified a scroll of acquirement
 17366 | Lair:4   | Acquired the cursed +3 pair of gauntlets of War {Slay+5}
 17367 | Lair:4   | Found the cursed +3 pair of gauntlets of War {Slay+5}
 17394 | Lair:4   | Killed a four-headed hydra
 17568 | Lair:4   | Noticed Josephine
 17575 | Lair:4   | Killed Josephine
 17774 | Lair:4   | Killed a seven-headed hydra
 18203 | Lair:5   | Noticed a five-headed hydra
 18209 | Lair:5   | Killed a five-headed hydra
 18223 | Lair:5   | Reached skill level 14 in Spellcasting
 18665 | Lair:5   | Reached skill level 10 in Bows
 18665 | Lair:5   | Reached XP level 13. HP: 61/68 MP: 30/33
 18853 | Lair:5   | Reached *** piety under Ashenzari
 19377 | Lair:6   | Entered Level 6 of the Lair of Beasts
 19514 | Lair:6   | Found a viscous altar of Jiyva.
 19514 | Lair:6   | Found a staircase to the Slime Pits.
 21049 | Lair:6   | Noticed a dire elephant
 21567 | D:10     | Entered Level 10 of the Dungeon
 22828 | D:11     | Reached **** piety under Ashenzari
 22899 | D:11     | Reached skill level 1 in Armour
 23275 | D:11     | Noticed Fannar
 23282 | D:11     | Killed Fannar
 23282 | D:11     | Reached skill level 15 in Spellcasting
 23356 | D:11     | Noticed Maurice
 23366 | D:11     | Killed Maurice
 23377 | D:11     | Noticed slayr's ghost (journeyman NaBe)
 23378 | D:11     | Found a runed translucent door.
 23704 | D:12     | Reached XP level 14. HP: 75/75 MP: 20/35
 24879 | D:12     | Found a staircase to the Orcish Mines.
 25761 | D:13     | Found Xatog's Antique Armour Shop.
 27238 | D:13     | Identified the Collected Works on the Birds and Beguiling
 27256 | D:13     | Identified the Catalogue of Torrid Malediction
 27282 | D:13     | Found a shimmering blue altar of Sif Muna.
 27286 | D:13     | Noticed a deep elf sorcerer
 27589 | D:13     | Upgraded the game from 0.26-a0-259-g1effd001a9 to
                  | 0.26-a0-455-g0958c023ba
 27675 | D:13     | Identified the Volume of the Shifting Rocks
 27696 | D:13     | Identified the Catalogue of Fiery Contamination
 27698 | D:13     | Identified Sif Muna's Grimoire of Dislocated Attacks
 27704 | D:13     | Learned a level 3 spell: Mephitic Cloud
 27717 | D:13     | Noticed a deep elf sorcerer
 27725 | D:13     | Killed a deep elf sorcerer
 27910 | D:14     | Reached skill level 1 in Poison Magic
 28060 | D:14     | Reached skill level 16 in Spellcasting
 28124 | D:14     | Reached XP level 15. HP: 20/81 MP: 27/37
 28174 | D:14     | Found a gate leading to a gauntlet.
 28256 | Gauntlet | Entered a Gauntlet
 28256 | Gauntlet | Found a transporter.
 28381 | Gauntlet | Found a transporter.
 28382 | Gauntlet | Identified the +0 hat of Free Will {+Inv rC+++ Int-4
                  | Stlth-}
 28382 | Gauntlet | Found a transporter.
 28383 | Gauntlet | Found a transporter.
 28386 | Gauntlet | Found a transporter.
 28390 | Gauntlet | Found a transporter.
 28395 | Gauntlet | Found a transporter.
 28396 | Gauntlet | Found a transporter.
 28483 | Gauntlet | Found a transporter.
 28503 | Gauntlet | Learned a level 6 spell: Invisibility
 28547 | Gauntlet | Identified the cursed -1 pair of gloves of a Labyrinth
                  | {rElec rC+ MR- Regen+}
 28998 | D:14     | Found a gate to the Vaults.
 29446 | D:14     | Reached skill level 5 in Fighting
 30090 | D:14     | Got the uncursed leather armour of the Hurricane {rElec MR+
                  | Regen+}
 30091 | D:14     | Identified the +2 leather armour of the Hurricane {rElec
                  | MR+ Regen+} (You found it on level 14 of the Dungeon)
 30108 | D:14     | Learned a level 4 spell: Petrify
 30372 | D:15     | Entered Level 15 of the Dungeon
 31146 | D:15     | Found a staircase to the Depths.
 32047 | Orc:1    | Entered Level 1 of the Orcish Mines
 32190 | Orc:1    | Reached ***** piety under Ashenzari
 32496 | Orc:2    | Entered Level 2 of the Orcish Mines
 32497 | Orc:2    | Found Poerph's Jewellery Emporium.
 32523 | Orc:2    | Bought the amulet "Aneod" {Spirit rPois rF+} for 626 gold
                  | pieces
 32552 | Orc:2    | Found a staircase to the Elven Halls.
 32689 | Orc:2    | Noticed Sonja
 32726 | Orc:2    | Killed Sonja
 33322 | Orc:2    | Found Feopn's Gadget Emporium.
 33322 | Orc:2    | Found Wanutok's Gadget Shop.
 33324 | Orc:2    | Found Yfal's Assorted Antiques.
 33326 | Orc:2    | Found Veding's Magic Scroll Shoppe.
 33333 | Orc:2    | Bought a shiny helmet for 202 gold pieces
 33333 | Orc:2    | Bought a scroll of enchant weapon for 202 gold pieces
 33333 | Orc:2    | Bought a scroll of enchant armour for 202 gold pieces
 33580 | Orc:2    | Found a roughly hewn altar of Beogh.
 33722 | Orc:2    | Bought a scroll of enchant armour for 90 gold pieces
 33722 | Orc:2    | Bought a scroll of enchant weapon for 90 gold pieces
 33722 | Orc:2    | Bought a scroll of blinking for 90 gold pieces
 33722 | Orc:2    | Bought a scroll of blinking for 90 gold pieces
 33722 | Orc:2    | Bought 2 scrolls of teleportation for 72 gold pieces
 33954 | Swamp:1  | Entered Level 1 of the Swamp
 34202 | Swamp:1  | Noticed a thorn hunter
 34206 | Swamp:1  | Killed a thorn hunter
 34579 | Swamp:1  | Noticed Louise
 34595 | Swamp:1  | Killed Louise
 34597 | Swamp:1  | HP: 2/84 [swamp dragon (16)]
 34597 | Swamp:1  | Slain by a swamp dragon

Illustrated notes

Levels and vault maps discovered:
D:1:      ncdulo_lavacross, layout_loops_ring
D:2:      layout_basic, old_standard_altar, chequers_ecumenical_altar_simple
D:3:      layout_basic, grunt_ministairs_8, minmay_increasing_density
D:4:      layout_loops_cross, minmay_fountain_box, uniq_edmund
D:5:      layout_basic, first_ration
D:6:      layout_loops_ring, tso_altar, nicolae_overflow_hidden_temple,
          lightli_sewer_entry_pipes, hangedman_decor_peaks_small
D:7:      layout_basic, minmay_temple_entry_statues_pillars, uniq_joseph
D:8:      layout_basic, david_nohive_1, chequers_arboretum, uniq_erica
D:9:      layout_irregular_city, minmay_lair_entry_grove, serial_column_ruins,
          column_ruins_hut, column_ruins_open_small, column_ruins_open_small,
          column_ruins_corridor_dead_end, column_ruins_columns_corner,
          column_ruins_grid_1, column_ruins_open_medium, column_ruins_open_tiny,
          serial_shops, nicolae_shop_waterfront
D:10:     layout_roguey
D:11:     layout_roguey, gammafunk_ghost_grave, hangedman_corner_corridor,
          uniq_maurice, uniq_fannar
D:12:     layout_stronghold, orc_0_dummy
D:13:     evilmike_library_of_no_secrets, layout_basic, serial_ice,
          serial_ice_i, serial_ice_a, serial_ice_b, serial_ice_c, serial_ice_h,
          serial_ice_m, serial_ice_n, serial_ice_o, serial_shops,
          nicolae_shop_trees, onia_ninara_cookie
D:14:     minmay_the_grid_3x2 [minmay_the_grid_zigzag_pyramid,
          minmay_the_grid_garden, minmay_the_grid_plusring,
          minmay_the_grid_pillar_ring, minmay_the_grid_dragon_a,
          minmay_the_grid_prize_four_corners], layout_loops_ring, erik_vaults_2,
          gauntlet_entry_generic
D:15:     grunt_enter_depths_hoard, layout_irregular_city, roderic_roman_lattice
Temple:   dpeg_five_rooms_temple
Lair:1:   layout_layer_cave, serial_bayou_pond_a, serial_bayou_ford_a,
          st_stairs_13, lemuel_fruit_tree
Lair:2:   layout_long_grid
Lair:3:   layout_loops_ring, nicolae_swamp_entry_splash_gauntlet,
          dummy_spider_entry, basic_altar, minivault_19
Lair:4:   layout_misc_corridors, uniq_josephine
Lair:5:   layout_hall_layers, grunt_megastairs_5, infiniplex_staircase_pool
Lair:6:   grunt_lair_end_beastmaster, layout_gridlike, slime_altar_1
Swamp:1:  layout_basic_swamp, infiniplex_staircase_pool_2, swamp_pool5,
          uniq_louise
Orc:1:    layout_caves, serial_shops, shop, mines4_lemuel
Orc:2:    st_orc_rangers, layout_diamond_mine, serial_shops, shop, special_room,
          basic_altar, nicolae_orc_lava_room, uniq_sonja

Skill      XL: |  1  2  3  4  5  6  7  8  9 10 11 12 13 14 15 |
---------------+----------------------------------------------+-----
Fire Magic     | 4 5 6 8 10 11 12 | 12.8
Dodging        | 3 4 5 6 8 9 10 11 13 14 | 14.8
Conjurations   | 2 3 4 5 6 8 9 |  9.8
Spellcasting   | 4 5 6 7 8 10 11 12 14 15 16 | 16.6
Stealth        | 3 4 |  4.9
Bows           | 1 4 5 6 7 10 11 14 | 14.9
Hexes          | 2 3 4 5 7 8 9 |  9.8
Fighting       | 1 2 3 4 5 |  5.7
Armour         | 1 2 4 |  4.1
Poison Magic   | 1 |  1.3
Air Magic      | |  0.7
Evocations     | |  0.7

Action                   |  1- 3 |  4- 6 |  7- 9 | 10-12 | 13-15 || total
-------------------------+-------+-------+-------+-------+-------++-------
 Fire: Shortbow          |       |       |   104 |   237 |  1068 ||  1409
 Cast: Foxfire           |   102 |   183 |   271 |   200 |    42 ||   798
       Inner Flame       |       |     5 |     9 |    96 |   184 ||   294
       Conjure Flame     |       |     2 |    18 |    10 |    35 ||    65
       Sticky Flame      |       |       |    19 |    38 |    82 ||   139
       Fireball          |       |       |       |       |    46 ||    46
       Mephitic Cloud    |       |       |       |       |    16 ||    16
       Invisibility      |       |       |       |       |     4 ||     4
Invok: Curse Item        |       |       |       |       |     2 ||     2
Evoke: Wand              |       |       |     2 |     5 |    13 ||    20
  Use: Scroll            |     4 |     1 |     3 |    20 |    26 ||    54
       Potion            |       |       |     2 |     3 |     5 ||    10
  Eat: Removed food      |     1 |     3 |     5 |     7 |     8 ||    24
Armor: Robe              |     3 |     7 |    16 |    15 |     4 ||    45
       Swamp dragon scal |       |       |       |       |    98 ||    98
       Leather armour    |       |       |       |       |    18 ||    18
Dodge: Dodged            |     9 |    30 |   101 |    90 |   241 ||   471

Table legend: (Time is in decaauts)
 A = Elapsed time spent in this place.
 B = Non-inter-level travel time spent in this place.
 C = Inter-level travel time spent in this place.
 D = Time resting spent in this place.
 E = Time spent auto-exploring this place.
 F = Levels seen in this place.
 G = Mean time per level.
                   A        B        C        D        E       F      G
               +--------+--------+--------+--------+--------+-----+--------+
         Total |  34385 |  33035 |   1350 |   2166 |  24690 |  26 | 1322.5 |
       Dungeon |  21307 |  20578 |    729 |   1328 |  15210 |  15 | 1420.5 |
        Temple |    197 |    112 |     85 |      0 |    101 |   1 |  197.0 |
          Lair |   9920 |   9484 |    436 |    566 |   7480 |   6 | 1653.3 |
         Swamp |    651 |    651 |      0 |      4 |    517 |   1 |  651.0 |
  Orcish Mines |   1697 |   1598 |     99 |     20 |   1182 |   2 |  848.5 |
      Gauntlet |    610 |    610 |      0 |    248 |    198 |   1 |  610.0 |
               +--------+--------+--------+--------+--------+-----+--------+

Top non-repeatable levels by time:
    D:14: 1815 daAuts
   Orc:2: 1255 daAuts
    D:15: 952 daAuts
 Swamp:1: 651 daAuts
Gauntlet: 610 daAuts
   Orc:1: 441 daAuts
  Lair:6: 371 daAuts
    D:13: 303 daAuts
     D:9: 79 daAuts
    D:11: 67 daAuts
  Lair:2: 64 daAuts
  Lair:3: 55 daAuts
    D:12: 53 daAuts
    D:10: 40 daAuts
  Lair:5: 38 daAuts
Note: time per level data comes from an upgraded game and may be incomplete.
